 Dungeon Crawl Stone Soup version 0.29.0-4-gdea44cf6ec (webtiles) character file.

Game seed: 17612268068801190965

7646 qw the Cleaver (level 10, -4/96 HPs)
             Began as a Minotaur Berserker on Sept 8, 2022.
             Was an Elder of Trog.
             Succumbed to a cane toad's poison
             ... on level 1 of the Lair of Beasts.
             The game lasted 00:04:11 (10245 turns).

qw the Cleaver (Minotaur Berserker)                Turns: 10245, Time: 00:04:11

Health: -4/96      AC: 19    Str: 19    XL:     10   Next: 99%
Magic:  9/9        EV:  5    Int:  3    God:    Trog [****..]
Gold:   29         SH: 15    Dex: 13    Spells: 9/9 levels left

rFire   . . .      SeeInvis .   l - +1 war axe
rCold   + . .      Faith    .   b - +0 kite shield
rNeg    + . .      Spirit   .   o - +1 plate armour "Juosahing" {rN+ Will++ Regen+ Str-5}
rPois   .          Reflect  .   (helmet restricted)
rElec   .          Harm     .   (no cloak)
rCorr   .          Rampage  .   (no gloves)
Will    ++...      Clarity  +   t - +0 pair of boots
Stlth   ..........              (no amulet)
HPRegen 1.06/turn               q - ring of protection from cold
MPRegen 0.11/turn               d - +4 ring of protection

@: lethally poisoned (-4 -> -17), about to teleport, on berserk cooldown,
slowed, very slow
A: horns 2, retaliatory headbutt, large bone plates 1, agile 1, clarity, robust
1, weak 1
a: Renounce Religion, Berserk, Trog's Hand, Brothers in Arms


You were on level 1 of the Lair of Beasts.
You worshipped Trog.
Trog was greatly pleased with you.
You visited 2 branches of the dungeon, and saw 10 of its levels.

You collected 384 gold pieces.
You spent 355 gold pieces at shops.


Innate Abilities, Weirdness & Mutations

You have a pair of horns on your head.
You reflexively headbutt those who attack you in melee.
You are partially covered in large bone plates. (SH +4)
You are agile. (Dex +4, Str/Int -1)
You possess an exceptional clarity of mind.
You are robust. (+10% HP)
You are weak. (Str -2)


   Skills:
 - Level 8.1 Fighting
 - Level 14.1 Axes
 - Level 3.1 Throwing
 - Level 7.1 Armour
 - Level 3.0 Dodging
 + Level 9.9 Shields


You had 9 spell levels left.
You didn't know any spells.
Your spell library was empty.

Inventory:

Hand Weapons
 g - a +0 morningstar
 l - a +1 war axe (weapon)
Missiles
 i - 5 boomerangs
 m - 3 javelins (quivered)
 n - 3 silver boomerangs
Armour
 b - a +0 kite shield (worn)
 o - the +1 plate armour "Juosahing" (worn) {rN+ Will++ Regen+ Str-5}
   (You found it on level 6 of the Dungeon)

   Str:       It affects your strength (-5).
   rN:        It protects you from negative energy.
   Regen:     It increases your rate of health regeneration.
   Will:      It greatly increases your willpower.
 t - a +0 pair of boots (worn)
Jewellery
 d - a +4 ring of protection (right hand)
 q - a ring of protection from cold (left hand)
 Y - a +6 ring of dexterity
Scrolls
 a - a scroll of identify
 f - 3 scrolls of teleportation
Potions
 c - 8 potions of curing
 e - a potion of heal wounds
 h - a potion of flight {unknown}
 j - a potion of mutation
 k - a potion of might
 p - a potion of haste
 r - a potion of berserk rage {unknown}
 u - a potion of resistance {unknown}

Dungeon Overview and Level Annotations

Branches:
Dungeon (9/15)             Temple (0/1) D:7            Lair (1/5) D:9
    Orc: D:9-12

Altars:
Sif Muna
Xom
Yredelemnul

Shops:
D:9 !==


Message History

You slash the cane toad!
The cane toad is moderately wounded.
You hit the elephant.
The blink frog blinks!
The cane toad barely misses you.
The blink frog blinks! x2
You block the elephant's attack.
The elephant trunk-slaps you but does no damage.
The cane toad closely misses you.
You hit the cane toad.
The cane toad is moderately wounded.
You slash the bullfrog!
You hit the elephant but do no damage. x2
The blink frog blinks!
You block the cane toad's attack. You block the elephant's attack.
The elephant barely misses you.
The blink frog blinks!
You block the bullfrog's attack. You block the cane toad's attack.
You slash the bullfrog!
You kill the bullfrog!
Trog accepts your kill.
You hit the cane toad. You slash the elephant!
You hit the elephant but do no damage. You miss the blink frog.
You hit the blink frog. The blink frog barely misses you.
The blink frog hits you but does no damage.
The blink frog blinks!
The cane toad stings you but does no damage.
The elephant tramples you.
You stumble backwards!
The blink frog blinks! x2
You hit the cane toad but do no damage.
The cane toad is heavily wounded.
You closely miss the blink frog. You slash the blink frog!
You hit the elephant but do no damage. The blink frog hits you!
The cane toad stings you!
You are lethally poisoned!
The cane toad poisons you! The blink frog barely misses you.
The elephant tramples you but does no damage.
The elephant barely misses you. The blink frog hits you!
The blink frog blinks! x2
You block the cane toad's attack.
The blink frog hits you but does no damage.
10245 ||| READING 4 scrolls of teleportation.
As you read the scroll of teleportation, it crumbles to dust.
You feel strangely unstable.
You die...

#..... #.... #...# ###...#
#...F.# ######....### .
.....F..F##.###...
.......@YYF¤.....# ### #
.......¤FYY......#
##P##FP#......F.YS......#.#
..<...F...........¤....[...
.....F....$........b.......
..F##...#.....##..#.......#
..l. .......# #...........
.... ...... ..........!.
..... .. ##.#.........


You could see 5 elephants, a cane toad, 5 blink frogs and a water moccasin.

Vanquished Creatures
  Harold (Lair:1)
  Prince Ribbit (D:7)
  2 hornets (D:9)
  Sigmund (D:2)
  A vampire (D:9)
  2 wyverns (D:9)
  12 yaks
  3 steam dragons (D:8)
  2 water moccasins (Lair:1)
  3 ice beasts
  2 sky beasts
  3 ogres
  3 wolves (Lair:1)
  3 centaurs
  A phantom (D:6)
  4 kobold brigands
  3 bullfrogs
  A scorpion (D:5)
  A necrophage (D:5)
  3 gnoll sergeants
  5 wights (D:5)
  4 killer bees (D:9)
  2 jellies
  3 hounds
  A gnoll bouda (D:8)
  6 orc priests
  Ijyb (D:3)
  4 iguanas
  7 orc wizards
  20 gnolls
  3 adders
  A shadow imp (D:6)
  3 white imps
  An ufetubus (D:6)
  2 worms (D:3)
  3 dart slugs (D:1)
  34 orcs
  5 ball pythons
  5 endoplasms
  4 giant cockroaches
  3 goblins
  7 hobgoblins
  5 jackals
  6 quokkas
  8 bats
  4 frilled lizards
  25 kobolds
  2 rats
226 creatures vanquished.

Vanquished Creatures (others)
  A bush (D:8)
  5 fungi
  3 plants (D:9)
9 creatures vanquished.

Grand Total: 235 creatures vanquished

Notes
Turn   | Place    | Note
-------+----------+-------------------------------------------
     0 | D:1      | qw the Minotaur Berserker began the quest for the Orb.
     0 | D:1      | Reached XP level 1. HP: 19/19 MP: 0/0
     0 | D:1      | 0 ||| qw: Version: 0.1-a-111-g1c1fd2e
     0 | D:1      | 0 ||| qw: Game counter: 6597
     0 | D:1      | 0 ||| qw: Always use a shield: true
     0 | D:1      | 0 ||| qw: Do Orc after D:15 true
     0 | D:1      | 0 ||| qw: Do second Lair branch before Depths: true
     0 | D:1      | 0 ||| qw: Lair rune preference: random
     0 | D:1      | 0 ||| qw: Plans: Normal
     0 | D:1      | 0 ||| PLANNING D:1-11
     2 | D:1      | Noticed a formicid
     2 | D:1      | Noticed a vampire
     4 | D:1      | Noticed an ogre
     6 | D:1      | Noticed an octopode
     6 | D:1      | Noticed a demonspawn
     8 | D:1      | Noticed a tengu
     8 | D:1      | Noticed a merfolk
    10 | D:1      | Noticed a demigod
    10 | D:1      | Noticed a minotaur
    12 | D:1      | Noticed a meteoran
    12 | D:1      | Noticed a ghoul
    14 | D:1      | Noticed a troll
    14 | D:1      | Noticed a spriggan
    16 | D:1      | Noticed an elf
    16 | D:1      | Noticed a draconian
    20 | D:1      | Noticed a human
    20 | D:1      | Noticed a felid
    22 | D:1      | Noticed a gargoyle
    22 | D:1      | Noticed a vine stalker
    24 | D:1      | Noticed an octopode
    24 | D:1      | Noticed a naga
    26 | D:1      | Noticed a naga
   163 | D:1      | Reached skill level 4 in Axes
   343 | D:1      | Reached XP level 2. HP: 26/26 MP: 1/1
   524 | D:1      | 524 ||| Stepping ~*~*~tactically~*~*~ (hiding).
   656 | D:1      | 656 ||| Stepping ~*~*~tactically~*~*~ (hiding).
  1110 | D:1      | Reached skill level 5 in Axes
  1115 | D:1      | 1115 ||| UPGRADING to +0 leather armour.
  1125 | D:1      | 1125 ||| DROPPING +0 animal skin.
  1126 | D:1      | 1126 ||| UPGRADING to ring of positive energy.
  1127 | D:1      | 1127 ||| READING scroll labelled GUCURH VUKAT.
  1128 | D:1      | 1128 ||| READING 2 scrolls labelled IMIDOMNISUC.
  1133 | D:1      | 1133 ||| READING scroll labelled WUPOM CUSO.
  1134 | D:1      | 1134 ||| READING scroll labelled LOUNIV DEVEOPH.
  1135 | D:1      | 1135 ||| DRINKING 3 purple potions.
  1158 | D:2      | 1158 ||| STAIRDANCE
  1243 | D:2      | Reached XP level 3. HP: 29/31 MP: 2/2
  1384 | D:2      | Noticed Sigmund
  1385 | D:2      | 1385 ||| Stepping ~*~*~tactically~*~*~ (hiding).
  1389 | D:2      | 1389 ||| INVOKING Berserk.
  1391 | D:2      | Killed Sigmund
  1392 | D:2      | Reached skill level 7 in Axes
  1392 | D:2      | Reached XP level 4. HP: 39/39 MP: 3/3
  1392 | D:2      | Reached XP level 5. HP: 45/45 MP: 4/4
  1724 | D:2      | Reached ** piety under Trog
  1739 | D:2      | Found a shimmering blue altar of Sif Muna.
  1765 | D:2      | 1765 ||| Stepping ~*~*~tactically~*~*~ (stealth).
  1770 | D:2      | 1770 ||| Stepping ~*~*~tactically~*~*~ (stealth).
  1817 | D:2      | 1817 ||| Stepping ~*~*~tactically~*~*~ (stealth).
  2006 | D:2      | 2006 ||| UPGRADING to +4 ring of protection.
  2007 | D:2      | 2007 ||| READING scroll labelled OTIYFA QAYDEH.
  2048 | D:3      | 2048 ||| Stepping ~*~*~tactically~*~*~ (stealth).
  2092 | D:3      | Found a faded altar of an unknown god.
  2215 | D:3      | 2215 ||| Stepping ~*~*~tactically~*~*~ (stealth).
  2216 | D:3      | 2216 ||| Stepping ~*~*~tactically~*~*~ (stealth).
  2356 | D:3      | Noticed Ijyb
  2359 | D:3      | 2359 ||| INVOKING Berserk.
  2361 | D:3      | Killed Ijyb
  2365 | D:3      | 2365 ||| FLEEEEING.
  2366 | D:3      | 2366 ||| FLEEEEING.
  2367 | D:3      | 2367 ||| FLEEEEING.
  2368 | D:3      | 2368 ||| FLEEEEING.
  2369 | D:3      | 2369 ||| FLEEEEING.
  2370 | D:3      | 2370 ||| FLEEEEING.
  2371 | D:3      | 2371 ||| FLEEEEING.
  2372 | D:3      | 2372 ||| FLEEEEING.
  2373 | D:3      | 2373 ||| FLEEEEING.
  2374 | D:3      | 2374 ||| FLEEEEING.
  2375 | D:3      | 2375 ||| FLEEEEING.
  2376 | D:3      | 2376 ||| FLEEEEING.
  2377 | D:3      | 2377 ||| FLEEEEING.
  2378 | D:3      | 2378 ||| FLEEEEING.
  2379 | D:3      | 2379 ||| FLEEEEING.
  2380 | D:3      | 2380 ||| FLEEEEING.
  2381 | D:3      | 2381 ||| FLEEEEING.
  2382 | D:3      | 2382 ||| FLEEEEING.
  2383 | D:3      | 2383 ||| FLEEEEING.
  2386 | D:3      | 2386 ||| FLEEEEING.
  2387 | D:3      | 2387 ||| FLEEEEING.
  2388 | D:3      | 2388 ||| FLEEEEING.
  2389 | D:3      | 2389 ||| FLEEEEING.
  2390 | D:3      | 2390 ||| FLEEEEING.
  2392 | D:3      | 2392 ||| FLEEEEING.
  2393 | D:3      | 2393 ||| STAIRDANCE
  2495 | D:2      | 2495 ||| UPGRADING to +6 ring of dexterity.
  2497 | D:2      | 2497 ||| DROPPING ring of positive energy.
  2498 | D:2      | 2498 ||| READING scroll labelled CUER UDYMPO.
  2599 | D:2      | 2599 ||| DRINKING 2 fizzy black potions.
  2600 | D:2      | 2600 ||| DROPPING potion of magic.
  2833 | D:3      | Reached XP level 6. HP: 52/52 MP: 5/5
  2923 | D:3      | Reached skill level 8 in Axes
  2972 | D:3      | 2972 ||| UPGRADING to +0 scale mail of cold resistance.
  2982 | D:3      | 2982 ||| DROPPING +0 leather armour.
  2983 | D:3      | 2983 ||| UPGRADING to +0 chain mail.
  2993 | D:3      | 2993 ||| DROPPING +0 scale mail of cold resistance.
  2994 | D:3      | 2994 ||| DRINKING 4 ruby potions.
  2995 | D:3      | 2995 ||| READING 2 scrolls of identify.
  2995 | D:3      | 2995 ||| IDENTIFYING yellow potion
  2996 | D:3      | 2996 ||| DROPPING potion of degeneration.
  3045 | D:4      | 3045 ||| STAIRDANCE
  3052 | D:3      | 3052 ||| DROPPING +0 club.
  3063 | D:4      | 3063 ||| INVOKING Berserk.
  3227 | D:4      | Noticed an ice beast
  3232 | D:4      | 3232 ||| INVOKING Berserk.
  3237 | D:4      | Killed an ice beast
  3396 | D:4      | 3396 ||| INVOKING Berserk.
  3400 | D:4      | Reached skill level 9 in Axes
  3595 | D:4      | 3595 ||| Stepping ~*~*~tactically~*~*~ (hiding).
  3599 | D:4      | 3599 ||| INVOKING Berserk.
  3601 | D:4      | Reached XP level 7. HP: 60/60 MP: 6/6
  3715 | D:4      | 3715 ||| DROPPING +0 flail.
  3722 | D:4      | Found a basalt altar of Yredelemnul.
  3790 | D:4      | 3790 ||| INVOKING Berserk.
  4105 | D:4      | Reached skill level 3 in Armour
  4300 | D:5      | Entered Level 5 of the Dungeon
  4473 | D:5      | Reached skill level 1 in Throwing
  4488 | D:5      | Identified the +5 leather armour of Borum {rPois rN+}
  4503 | D:5      | 4503 ||| Stepping ~*~*~tactically~*~*~ (stealth).
  4505 | D:5      | 4505 ||| Stepping ~*~*~tactically~*~*~ (stealth).
  4506 | D:5      | 4506 ||| Stepping ~*~*~tactically~*~*~ (stealth).
  4518 | D:5      | 4518 ||| Stepping ~*~*~tactically~*~*~ (stealth).
  4527 | D:5      | Reached skill level 10 in Axes
  4737 | D:5      | Reached skill level 6 in Fighting
  4737 | D:5      | Reached XP level 8. HP: 71/71 MP: 7/7
  4747 | D:5      | Reached *** piety under Trog
  5166 | D:5      | 5166 ||| READING scroll labelled ITUORGH XUDWY.
  5184 | D:6      | 5184 ||| PLANNING OSSUARY
  5238 | D:6      | 5238 ||| DRINKING 6 potions of curing.
  5238 | D:6      | 5238 ||| (to cure confusion)
  5239 | D:6      | 5239 ||| INVOKING Berserk.
  5247 | D:6      | Reached skill level 11 in Axes
  5337 | D:6      | Identified the +1 plate armour "Juosahing" {rN+ Will++
                  | Regen+ Str-5}
  5350 | D:6      | 5350 ||| INVOKING Berserk.
  5357 | D:6      | Reached skill level 3 in Dodging
  5484 | D:6      | 5484 ||| Stepping ~*~*~tactically~*~*~ (stealth).
  5491 | D:6      | 5491 ||| DRINKING 5 potions of curing.
  5491 | D:6      | 5491 ||| (to cure confusion)
  5493 | D:6      | 5493 ||| Stepping ~*~*~tactically~*~*~ (hiding).
  5666 | D:6      | 5666 ||| Stepping ~*~*~tactically~*~*~ (stealth).
  5682 | D:6      | 5682 ||| Stepping ~*~*~tactically~*~*~ (stealth).
  5684 | D:6      | 5684 ||| Stepping ~*~*~tactically~*~*~ (stealth).
  5688 | D:6      | 5688 ||| Stepping ~*~*~tactically~*~*~ (hiding).
  5701 | D:6      | Reached skill level 12 in Axes
  5790 | D:6      | 5790 ||| RIP OSSUARY
  5817 | D:6      | 5817 ||| PLANNING D:1-11
  5904 | D:6      | 5904 ||| INVOKING Berserk.
  5956 | D:6      | 5956 ||| Stepping ~*~*~tactically~*~*~ (stealth).
  5988 | D:6      | 5988 ||| SWAPPING to +0 war axe.
  5989 | D:6      | 5989 ||| DROPPING +1 hand axe.
  6036 | D:6      | 6036 ||| Stepping ~*~*~tactically~*~*~ (stealth).
  6315 | D:6      | 6315 ||| UPGRADING to +1 plate armour "Juosahing" {rN+
                  | Will++ Regen+ Str-5}.
  6325 | D:6      | 6325 ||| DROPPING +0 chain mail.
  6326 | D:6      | 6326 ||| READING scroll labelled POERIT COMNEE.
  6327 | D:6      | 6327 ||| READING scroll labelled VUIM ISKUT.
  6328 | D:6      | 6328 ||| READING 2 scrolls of identify.
  6328 | D:6      | 6328 ||| IDENTIFYING cyan potion
  6329 | D:6      | 6329 ||| DROPPING potion of attraction.
  6414 | D:7      | 6414 ||| Stepping ~*~*~tactically~*~*~ (hiding).
  6416 | D:7      | 6416 ||| INVOKING Berserk.
  6427 | D:7      | Reached XP level 9. HP: 78/78 MP: 8/8
  6533 | D:7      | 6533 ||| INVOKING Berserk.
  6713 | D:7      | Found a shimmering altar of Xom.
  6714 | D:7      | Found a shimmering altar of Xom.
  6715 | D:7      | Found a shimmering altar of Xom.
  6715 | D:7      | Found a shimmering altar of Xom.
  6733 | D:7      | 6733 ||| Stepping ~*~*~tactically~*~*~ (stealth).
  6753 | D:7      | Reached **** piety under Trog
  6904 | D:7      | 6904 ||| Stepping ~*~*~tactically~*~*~ (stealth).
  6905 | D:7      | 6905 ||| Stepping ~*~*~tactically~*~*~ (stealth).
  6906 | D:7      | 6906 ||| Stepping ~*~*~tactically~*~*~ (stealth).
  6907 | D:7      | 6907 ||| Stepping ~*~*~tactically~*~*~ (stealth).
  6913 | D:7      | 6913 ||| INVOKING Berserk.
  7067 | D:7      | 7067 ||| Stepping ~*~*~tactically~*~*~ (stealth).
  7082 | D:7      | Noticed Prince Ribbit
  7085 | D:7      | 7085 ||| INVOKING Berserk.
  7087 | D:7      | Killed Prince Ribbit
  7096 | D:7      | 7096 ||| Stepping ~*~*~tactically~*~*~ (stealth).
  7102 | D:7      | 7102 ||| Stepping ~*~*~tactically~*~*~ (stealth).
  7309 | D:7      | 7309 ||| Stepping ~*~*~tactically~*~*~ (hiding).
  7310 | D:7      | 7310 ||| Stepping ~*~*~tactically~*~*~ (hiding).
  7312 | D:7      | Reached skill level 13 in Axes
  7327 | D:7      | Reached skill level 6 in Armour
  7362 | D:7      | Found a staircase to the Ecumenical Temple.
  7729 | D:7      | 7729 ||| UPGRADING to +0 kite shield.
  7734 | D:7      | 7734 ||| DRINKING 2 fizzy white potions.
  7734 | D:7      | Gained mutation: You possess an exceptional clarity of
                  | mind. [potion of mutation]
  7734 | D:7      | Gained mutation: You have sharp toenails. [potion of
                  | mutation]
  7734 | D:7      | Gained mutation: You occasionally lose the ability to drink
                  | potions when taking damage. [potion of mutation]
  7735 | D:7      | 7735 ||| DRINKING potion of mutation.
  7735 | D:7      | Lost mutation: You have sharp toenails. [potion of
                  | mutation]
  7735 | D:7      | Lost mutation: You occasionally lose the ability to drink
                  | potions when taking damage. [potion of mutation]
  7735 | D:7      | Gained mutation: You are robust. (+10% HP) [potion of
                  | mutation]
  7735 | D:7      | Gained mutation: You are partially covered in large bone
                  | plates. (SH +4) [potion of mutation]
  7735 | D:7      | Gained mutation: You are weak. (Str -2) [potion of
                  | mutation]
  7735 | D:7      | Gained mutation: You are agile. (Dex +4, Str/Int -1)
                  | [potion of mutation]
  7743 | D:7      | 7743 ||| DRINKING 2 orange potions.
  7744 | D:7      | 7744 ||| DRINKING 2 fuming green potions.
  7745 | D:7      | 7745 ||| DROPPING potion of brilliance.
  7831 | D:8      | 7831 ||| Stepping ~*~*~tactically~*~*~ (hiding).
  7903 | D:8      | 7903 ||| Stepping ~*~*~tactically~*~*~ (stealth).
  7927 | D:8      | Reached skill level 1 in Shields
  7975 | D:8      | 7975 ||| Stepping ~*~*~tactically~*~*~ (hiding).
  7976 | D:8      | 7976 ||| Stepping ~*~*~tactically~*~*~ (hiding).
  7989 | D:8      | 7989 ||| Stepping ~*~*~tactically~*~*~ (hiding).
  7993 | D:8      | 7993 ||| INVOKING Berserk.
  7997 | D:8      | Reached skill level 3 in Shields
  8412 | D:8      | 8412 ||| Stepping ~*~*~tactically~*~*~ (hiding).
  8414 | D:8      | 8414 ||| Stepping ~*~*~tactically~*~*~ (hiding).
  8419 | D:8      | 8419 ||| INVOKING Berserk.
  8427 | D:8      | 8427 ||| Stepping ~*~*~tactically~*~*~ (cloud).
  8550 | D:8      | 8550 ||| Stepping ~*~*~tactically~*~*~ (stealth).
  8553 | D:8      | Identified the +3 long sword "Yrafun" {elec, *Rage rC+
                  | Str+4}
  8555 | D:8      | 8555 ||| FLEEEEING.
  8556 | D:8      | 8556 ||| FLEEEEING.
  8557 | D:8      | 8557 ||| FLEEEEING.
  8558 | D:8      | 8558 ||| FLEEEEING.
  8559 | D:8      | 8559 ||| FLEEEEING.
  8578 | D:8      | 8578 ||| FLEEEEING.
  8579 | D:8      | 8579 ||| FLEEEEING.
  8580 | D:8      | 8580 ||| FLEEEEING.
  8584 | D:8      | 8584 ||| STAIRDANCE
  9001 | D:8      | HP: 21/89 [centaur/arrow (5)]
  9002 | D:8      | 9002 ||| READING 4 scrolls of teleportation.
  9003 | D:8      | 9003 ||| DRINKING 2 potions of heal wounds.
  9081 | D:8      | 9081 ||| Stepping ~*~*~tactically~*~*~ (hiding).
  9189 | D:8      | 9189 ||| Stepping ~*~*~tactically~*~*~ (hiding).
  9223 | D:8      | 9223 ||| Stepping ~*~*~tactically~*~*~ (cloud).
  9225 | D:8      | 9225 ||| Stepping ~*~*~tactically~*~*~ (cloud).
  9227 | D:8      | 9227 ||| INVOKING Berserk.
  9233 | D:8      | Reached skill level 6 in Shields
  9400 | D:9      | Found Otisch's Jewellery Boutique.
  9406 | D:9      | Reached XP level 10. HP: 77/96 MP: 9/9
  9410 | D:9      | Paralysed by a hornet for 1 turns
  9416 | D:9      | 9416 ||| INVOKING Berserk.
  9425 | D:9      | HP: 20/96 [something (6)]
  9433 | D:9      | 9433 ||| READING 3 scrolls of teleportation.
  9523 | D:9      | 9523 ||| Invisible monster not found???
  9529 | D:9      | 9529 ||| Stepping ~*~*~tactically~*~*~ (stealth).
  9541 | D:9      | 9541 ||| INVOKING Berserk.
  9642 | D:9      | 9642 ||| Stepping ~*~*~tactically~*~*~ (stealth).
  9690 | D:9      | 9690 ||| READING scroll of enchant weapon.
  9690 | D:9      | 9690 ||| ENCHANTING +0 war axe.
  9698 | D:9      | 9698 ||| SHOPLISTING +4 ring of evasion (468 gold, have
                  | 376).
  9698 | D:9      | 9698 ||| SHOPLISTING amulet of reflection (390 gold, have
                  | 376).
  9698 | D:9      | 9698 ||| BUYING ring of protection from cold (325 gold).
  9698 | D:9      | Bought a ring of protection from cold for 325 gold pieces
  9698 | D:9      | 9698 ||| SHOPLISTING ring of protection from fire (325
                  | gold, have 51).
  9698 | D:9      | Found Daid's Distillery.
  9707 | D:9      | 9707 ||| BUYING potion of curing (30 gold).
  9707 | D:9      | Bought a potion of curing for 30 gold pieces
  9740 | D:9      | 9740 ||| Stepping ~*~*~tactically~*~*~ (stealth).
  9774 | D:9      | 9774 ||| Stepping ~*~*~tactically~*~*~ (stealth).
  9786 | D:9      | Reached skill level 9 in Shields
  9793 | D:9      | Reached skill level 3 in Throwing
  9867 | D:9      | Found a staircase to the Lair.
 10063 | D:9      | Paralysed by a hornet for 1 turns
 10099 | D:9      | Found Ocleud's Jewellery Boutique.
 10112 | D:9      | 10112 ||| SHOPLISTING +4 ring of evasion (504 gold, have
                  | 29).
 10112 | D:9      | 10112 ||| SHOPLISTING ring "Asaesev" {AC+4 Int+4} (719
                  | gold, have 29).
 10138 | D:9      | 10138 ||| PLANNING LAIR
 10138 | D:9      | 10138 ||| UPGRADING to +0 pair of boots.
 10143 | D:9      | 10143 ||| UPGRADING to ring of protection from cold.
 10145 | D:9      | 10145 ||| DRINKING 2 amethyst potions.
 10169 | D:9      | 10169 ||| DROPPING potion of lignification.
 10202 | Lair:1   | Entered Level 1 of the Lair of Beasts
 10207 | Lair:1   | Noticed Harold
 10212 | Lair:1   | 10212 ||| INVOKING Berserk.
 10220 | Lair:1   | Killed Harold
 10221 | Lair:1   | Reached skill level 14 in Axes
 10235 | Lair:1   | HP: 24/96 [yak (7)]
 10236 | Lair:1   | 10236 ||| READING 5 scrolls of teleportation.
 10237 | Lair:1   | 10237 ||| DRINKING 2 potions of heal wounds.
 10238 | Lair:1   | Noticed an elephant
 10238 | Lair:1   | Noticed an elephant
 10238 | Lair:1   | Noticed an elephant
 10238 | Lair:1   | Noticed an elephant
 10238 | Lair:1   | Noticed an elephant
 10238 | Lair:1   | Noticed a cane toad
 10244 | Lair:1   | HP: 11/96 [cane toad (15)]
 10244 | Lair:1   | HP: 1/96 [blink frog (10)]
 10245 | Lair:1   | 10245 ||| READING 4 scrolls of teleportation.
 10245 | Lair:1   | Succumbed to a cane toad's poison

Levels and vault maps discovered:
D:1:      kb_arrival_jail, layout_loops_ring, st_stairs_12
D:2:      layout_basic, basic_altar, kennysheep_pointless_box,
          minmay_tetromino_l4, uniq_sigmund
D:3:      layout_loops_ring, ebering_ecumenical_altar_ruins, uniq_ijyb
D:4:      layout_loops_cross, general_overflow_altar,
          minmay_misc_feat_four_crosses
D:5:      layout_basic
D:6:      layout_loops_ring, chequers_ossuary_entry_cave, minmay_holes,
          corexii_corridor_pit, minmay_checkerbox
D:7:      layout_loops_corners, xom_shifter_show, temple_hall, serial_glass,
          glass_columns_a, glass_columns_b, uniq_prince_ribbit1
D:8:      layout_basic, kb_lookout_dungeons_type
D:9:      layout_cave_pools, dpeg_oklobed_lair, serial_shops, shop,
          shop_fountains, shop
Lair:1:   lemuel_ratsnest, layout_misc_corridors,
          grunt_forest_small_clearing_treed, grunt_megastairs_5,
          lemuel_fruit_fields, uniq_harold

Skill      XL: |  1  2  3  4  5  6  7  8  9 10 |
---------------+-------------------------------+-----
Axes           | 4 5 7 9 10 12 13 14 | 14.1
Fighting       | 4 6 7 8 |  8.1
Armour         | 3 5 6 7 |  7.1
Throwing       | 1 2 3 |  3.1
Dodging        | 3 |  3.0
Shields        | 6 9 |  9.9

Action                   |  1- 3 |  4- 6 |  7- 9 | 10-12 || total
-------------------------+-------+-------+-------+-------++-------
Melee: Hand axe          |    60 |    84 |   153 |       ||   297
       Headbutt          |     7 |     9 |    52 |    25 ||    93
       Punch             |     3 |     3 |     4 |       ||    10
       War axe           |       |       |   153 |   120 ||   273
Throw: Boomerang         |       |       |    70 |     1 ||    71
       Javelin           |       |       |       |     7 ||     7
Invok: Berserk           |     1 |     5 |    11 |     3 ||    20
  Use: Scroll            |     4 |     3 |     5 |     4 ||    16
       Potion            |     1 |     2 |     7 |     2 ||    12
Armor: Animal skin       |    10 |       |       |       ||    10
       Leather armour    |     7 |    10 |       |       ||    17
       Chain mail        |       |    12 |    69 |       ||    81
       Plate armour      |       |       |   186 |    95 ||   281
Dodge: Dodged            |    33 |    30 |   118 |    33 ||   214
Block: Kite shield       |       |       |   316 |   119 ||   435

Table legend:
 A = Non-vault XP
 B = Vault XP
 C = Vault XP percentage of total XP
 D = Non-vault monster count
 E = Vault monster count
 F = Vault count percentage of total count
                 A         B        C        D         E       F
            +---------+---------+-------+---------+---------+-------
      Total |    9196 |    1728 |  15.8 |     214 |      12 |   5.3
            +---------+---------+-------+---------+---------+-------
        D:1 |      34 |       1 |   2.9 |      16 |       1 |   5.9
        D:2 |      26 |     243 |  90.3 |      16 |       3 |  15.8
        D:3 |      56 |      36 |  39.1 |      14 |       1 |   6.7
        D:4 |     497 |       0 |   0.0 |      26 |       0 |   0.0
        D:5 |     826 |       0 |   0.0 |      20 |       0 |   0.0
        D:6 |     757 |     196 |  20.6 |      32 |       4 |  11.1
        D:7 |    1412 |     277 |  16.4 |      31 |       1 |   3.1
        D:8 |    1026 |     112 |   9.8 |      25 |       1 |   3.8
        D:9 |    3119 |       0 |   0.0 |      24 |       0 |   0.0
     Lair:1 |    1443 |     863 |  37.4 |      10 |       1 |   9.1
            +---------+---------+-------+---------+---------+-------
